 Dungeon Crawl Stone Soup version 0.19-a0 (webtiles) character file.

451 Mefis the Magician (level 6, -4/32 HPs)
             Began as a Deep Elf Wizard on Apr 27, 2016.
             Was an Initiate of Sif Muna.
             Slain by a gnoll
             ... wielding a +2 spear of venom
              (7 damage)
             ... on level 7 of the Dungeon on Apr 28, 2016.
             The game lasted 00:33:39 (5887 turns).

Mefis the Magician (Deep Elf Wizard)                Turns: 5887, Time: 00:33:39

Health: -4/32      AC:  7    Str:  4    XL:     6   Next: 75%
Magic:  5/16       EV: 13    Int: 25    God:    Sif Muna [......]
Gold:   50         SH:  0    Dex: 13    Spells: 7 memorised, 1 level left

rFire  + . .     SeeInvis +     E - +0 short sword (protect)
rCold  + . .     Gourm    .     a - +0 robe
rNeg   . . .     Faith    .     (no shield)
rPois  +         Spirit   .     (helmet restricted)
rElec  +         Dismiss  .     (no cloak)
rCorr  +         Reflect  .     (no gloves)
SustAt .         Harm     .     (no boots)
MR     .....     Rnd*Tele +     (no amulet)
Stlth  +++.......               v - ring of teleportation (curse)
                                g - ring of resist corrosion

@: lethally poisoned (-4 -> -13), resistant, not resistant to hostile
enchantments, fairly stealthy
A: horns 1, see invisible
a: Renounce Religion


You were on level 7 of the Dungeon.
You worshipped Sif Muna.
Sif Muna was noncommittal.
You were hungry.

You visited 1 branch of the dungeon, and saw 7 of its levels.

You collected 155 gold pieces.
You spent 105 gold pieces at shops.

Inventory:

Hand Weapons
 l - a +0 hunting sling
 t - a +0 dagger
 E - a +0 short sword of protection (weapon)
Missiles
 B - 154 stones (quivered)
 G - 6 needles of sleeping
 J - 24 sling bullets
Armour
 a - a +0 robe (worn)
 b - a +0 hat
 A - a +2 helmet
Jewellery
 g - a ring of resist corrosion (left hand)
 v - a cursed ring of teleportation (right hand)
Wands
 d - a wand of random effects (23/48)
 s - a wand of random effects (22/48)
 y - a wand of iceblast (8/15)
Scrolls
 f - 2 scrolls of immolation
 k - a scroll of fear {unknown}
 m - a scroll of blinking {unknown}
 n - a scroll of amnesia {unknown}
 p - 3 scrolls of identify
 u - 2 scrolls of enchant armour
 C - a scroll of random uselessness
 I - a scroll of noise {unknown}
Potions
 e - a potion of ambrosia {unknown}
 h - 3 potions of flight
 j - 4 potions of brilliance
 q - a potion of mutation
 z - a potion of cure mutation {unknown}
 D - a potion of degeneration {unknown}
 F - a potion of lignification {unknown}
 H - a potion of might {unknown}
Books
 c - a book of Minor Magic

   Spells                             Type                      Level
   a - Magic Dart                     Conjuration                  1
   b - Blink                          Translocation                2
   c - Call Imp                       Summoning                    2
   d - Repel Missiles                 Charms/Air                   2
   e - Slow                           Hexes                        2
   f - Conjure Flame                  Conjuration/Fire             3
   g - Mephitic Cloud                 Conjuration/Poison/Air       3
Comestibles
 o - 3 meat rations
 w - 2 beef jerkies
 x - 2 bread rations


   Skills:
 + Level 3.5 Dodging
 + Level 4.4 Stealth
 + Level 5.9 Spellcasting
 + Level 2.7 Conjurations
 + Level 1.8 Hexes
 + Level 2.1 Summonings
 + Level 2.2 Translocations
 + Level 1.2 Fire Magic
 + Level 2.3 Poison Magic
 + Level 1.5 Invocations


You had one spell level left.
You knew the following spells:

 Your Spells              Type           Power        Failure   Level  Hunger
a - Magic Dart            Conj           ###.         2%          1    None
b - Call Imp              Summ           ###.....     6%          2    None
c - Blink                 Tloc           N/A          6%          2    None
d - Repel Missiles        Chrm/Air       #.....       14%         2    None
e - Mephitic Cloud        Conj/Pois/Air  ###.....     12%         3    #......
f - Conjure Flame         Conj/Fire      ###.....     12%         3    #......
g - Slow                  Hex            ###.....     8%          2    None


Dungeon Overview and Level Annotations

Branches:
Dungeon (7/15)
 Temple: D:4-7

Altars:
Dithmenos
Gozag
Kikubaaqudgha
Makhleb
Nemelex Xobeh
Okawaru
Qazlal
Sif Muna
Zin
The Shining One

Shops:
D:5 !%


Innate Abilities, Weirdness & Mutations

You have a pair of small horns on your head.
You have supernaturally acute eyesight.


Message History

You blink.
The gnoll hits you from afar with a spear of venom.
* * * LOW HITPOINT WARNING * * *
You are lethally poisoned!
The howler monkey hits you but does no damage.
The howler monkey misses you.
Drink which item? (? for menu, Esc to quit)
It was a potion of resistance.
You feel protected.
* * * LOW HITPOINT WARNING * * *
You feel sick.
The howler monkey hits you but does no damage.
The howler monkey bites you but does no damage.
The gnoll closely misses you.
* * * LOW HITPOINT WARNING * * *
You feel sick.
The howler monkey hits you but does no damage.
The howler monkey completely misses you.
The gnoll hits you from afar with a spear of venom!
You die...

#.#.........h.......
###.#.....###.........
.......F..##.##.##.##
##........##.##ยง# #
#...h....##g##.##.###.
##...gg...##.#5F....../
#.<.gh....##.#o.##.##..
...#..hhhg.............
.....O.@................
##+#.##.#..#..#.....##.#
... #.#.....#.....## #
.... #............>.. ..
................. .
#.......<......#.
.............>..
#...............
...#....###...#


You could see an ogre, a giant frog, 4 howler monkeys, a hound and 4 gnolls.

Vanquished Creatures
  A scorpion (D:4)
  An orc priest (D:4)
  A hound (D:4)
  A giant frog zombie (D:5)
  2 orc wizards (D:4)
  2 worker ants (D:4)
  An adder (D:2)
  A gnoll (D:4)
  An ooze (D:4)
  An adder skeleton (D:5)
  3 worms
  2 dart slugs (D:1)
  3 giant geckos
  12 orcs
  A ball python (D:4)
  11 bats
  4 giant cockroaches
  14 goblins
  11 hobgoblins
  4 jackals (D:3)
  9 kobolds
  A quokka (D:3)
  A giant gecko skeleton (D:4)
  4 giant newts
  4 rats
96 creatures vanquished.

Vanquished Creatures (collateral kills)
  A crimson imp (D:3)
  Terence (D:2)
  Robin (D:2)
  3 gnolls (D:4)
  An adder skeleton (D:4)
  A worm (D:2)
  2 orcs
  3 goblins (D:2)
  2 hobgoblins (D:2)
  2 jackals (D:3)
  A bat (D:2)
  A kobold (D:3)
  A rat (D:2)
20 creatures vanquished.

Grand Total: 116 creatures vanquished

Notes
Turn   | Place    | Note
--------------------------------------------------------------
     0 | D:1      | Mefis the Deep Elf Wizard began the quest for the Orb.
     0 | D:1      | Reached XP level 1. HP: 10/10 MP: 7/7
   261 | D:1      | Reached skill level 5 in Spellcasting
   319 | D:1      | Reached XP level 2. HP: 15/15 MP: 6/10
   906 | D:1      | Reached XP level 3. HP: 19/19 MP: 7/11
   915 | D:1      | Learned a level 2 spell: Call Imp
   918 | D:1      | Learned a level 2 spell: Blink
   921 | D:1      | Learned a level 2 spell: Repel Missiles
   925 | D:1      | Learned a level 3 spell: Mephitic Cloud
  1441 | D:2      | Noticed Robin
  1500 | D:2      | You fall through a shaft for 2 floors!
  1784 | D:4      | Reached skill level 1 in Poison Magic
  1869 | D:4      | Reached XP level 4. HP: 11/24 MP: 9/13
  1981 | D:4      | Learned a level 3 spell: Conjure Flame
  2869 | D:2      | Killed Robin
  3258 | D:2      | Reached XP level 5. HP: 28/28 MP: 5/15
  3263 | D:2      | Learned a level 2 spell: Slow
  3264 | D:2      | Noticed Terence
  3300 | D:2      | Killed Terence
  3527 | D:2      | Found a glowing silver altar of Zin.
  3628 | D:2      | Found a burning altar of Makhleb.
  3628 | D:2      | Found a deep blue altar of Sif Muna.
  3628 | D:2      | Found an iron altar of Okawaru.
  3628 | D:2      | Found a glowing golden altar of the Shining One.
  3634 | D:2      | Became a worshipper of Sif Muna the Loreminder
  3639 | D:2      | Found a stormy altar of Qazlal.
  3639 | D:2      | Found an opulent altar of Gozag.
  4711 | D:4      | Found an ancient bone altar of Kikubaaqudgha.
  5066 | D:4      | Reached skill level 1 in Hexes
  5066 | D:4      | Reached skill level 1 in Invocations
  5066 | D:4      | Reached XP level 6. HP: 32/32 MP: 0/16
  5310 | D:4      | Reached skill level 1 in Fire Magic
  5623 | D:4      | Found a shadowy altar of Dithmenos.
  5700 | D:5      | Entered Level 5 of the Dungeon
  5700 | D:5      | Found a sparkling altar of Nemelex Xobeh.
  5727 | D:5      | Found Seli's Food Emporium.
  5788 | D:5      | Found Suetagip's Distillery.
  5791 | D:5      | Bought a potion of brilliance for 60 gold pieces
  5791 | D:5      | Bought a potion of flight for 45 gold pieces
  5881 | D:7      | Gained mutation: You have a pair of small horns on your head. [potion of mutation]
  5881 | D:7      | Gained mutation: You have supernaturally acute eyesight. [potion of mutation]
  5887 | D:7      | Slain by a gnoll

Vault maps used:
D:1:      elethiomel_arrival_maze
D:2:      zin_scriptorium, minmay_overflow_temple_hex, uniq_robin, uniq_terence
D:4:      kiku_gazebo_pond_becter, first_bread,
          grunt_dithmenos_smoke_and_mirrors
D:5:      nemelex_deck, serial_shops, kennysheep_mini_moat, shop, shop,
          nicolae_shop_waterfront, nicolae_shop_behind_doors, uniq_blork_the_orc
D:6:      nicolae_ru_great_annihilating_truth, kennysheep_little_box,
          minmay_temple_entry_statues_pillars, roderic_serpentine_path
D:7:      serial_glass, glass_columns_b, glass_columns_a, corexii_checkpoint_a,
          the_bakery, minmay_ruffians

Skill      XL: |  1  2  3  4  5  6 |
---------------+-------------------+-----
Spellcasting   | 5 |  5.9
Stealth        | 3 4 |  4.4
Poison Magic   | 1 2 |  2.3
Dodging        | 3 |  3.5
Conjurations   | 2 |  2.7
Translocations | 2 |  2.2
Summonings     | 2 |  2.1
Hexes          | 1 |  1.8
Invocations    | 1 |  1.5
Fire Magic     | 1 |  1.2

Action                   |  1- 3 |  4- 6 || total
-------------------------+-------+-------++-------
Melee: Unarmed           |     2 |       ||     2
       Dagger            |       |     3 ||     3
       Short sword       |       |    50 ||    50
 Fire: Hunting sling     |       |     7 ||     7
Throw: Stone             |       |     5 ||     5
 Cast: Magic Dart        |    80 |   195 ||   275
       Call Imp          |     3 |    25 ||    28
       Mephitic Cloud    |     2 |    14 ||    16
       Blink             |     1 |     6 ||     7
       Conjure Flame     |       |     1 ||     1
       Repel Missiles    |       |     1 ||     1
  Use: Scroll            |       |     6 ||     6
       Potion            |       |     2 ||     2
 Stab: Sleeping          |       |     2 ||     2
       Distracted        |       |     1 ||     1
       Confused          |       |     1 ||     1
  Eat: Bread ration      |     1 |       ||     1
       Chunk             |       |    10 ||    10
Armor: Robe              |       |    68 ||    68
Dodge: Dodged            |    15 |   120 ||   135
       Deflected         |       |     2 ||     2
